 Dungeon Crawl Stone Soup version 0.27.1-33-g824d729ab1 (webtiles) character file.

Game seed: 9498157898257686813

2090 demibob the Grappler (level 9, -8/72 HPs)
             Began as a Troll Chaos Knight on Dec 17, 2021.
             Was a Plaything of Xom.
             Mangled by an orc knight (27 damage)
             ... in a bailey.
             The game lasted 00:08:51 (4739 turns).

demibob the Grappler (Troll Chaos Knight)           Turns: 4739, Time: 00:08:51

Health: -8/72      AC:  5    Str: 24    XL:     9   Next: 6%
Magic:  0/8        EV: 10    Int:  8    God:    Xom [..*...]
Gold:   308        SH:  0    Dex: 12    Spells: 8/8 levels left

rFire    . . .     SeeInvis +     - Unarmed
rCold    . . .     Faith    .   (no shield)
rNeg     . . .     Spirit   +   b - +1 robe {Will+}
rPois    .         Reflect  .   (helmet restricted)
rElec    .         Harm     .   (no cloak)
rCorr    .         Rampage  .   (gloves unavailable)
Will     ++...                  (boots unavailable)
Stlth    +.........             j - amulet of guardian spirit
HPRegen  1.22/turn              W - ring of willpower
MPRegen  0.11/turn              v - ring of see invisible

@: no status effects
A: large, unfitting armour, claws 3, regeneration 1, shaggy fur 1, tough skin 1,
frail 1, sense surroundings 1, strong 1
a: Renounce Religion


You were in a bailey.
You worshipped Xom.
You were a toy of Xom.
You visited 1 branch of the dungeon, and saw 8 of its levels.
You also visited: Bailey.

You collected 308 gold pieces.


Innate Abilities, Weirdness & Mutations

You are too large for most types of armour.
You have claws for hands.
Your natural rate of healing is unusually fast.
You are covered in fur. (AC +1)
You have tough skin. (AC +1)
You are frail. (-10% HP)
You passively map a small area around you.
Your muscles are strong. (Str +2)


   Skills:
 - Level 2.4 Fighting
 - Level 4.1 Throwing
 - Level 1.9 Dodging
 * Level 11.2 Unarmed Combat


You had 8 spell levels left.
You didn't know any spells.
Your spell library contained the following spells:

 Spells                   Type           Power      Damage    Failure   Level
 Animate Skeleton         Necr           0%         N/A       41%         1
 Apportation              Tloc           0%         N/A       41%         1
 Corona                   Hex            0%         N/A       41%         1
 Summon Small Mammal      Summ           0%         N/A       41%         1
 Frozen Ramparts          Ice            0%         1d2       78%         3
 Ice Form                 Ice/Tmut       0%         N/A       99%         4
 Summon Ice Beast         Ice/Summ       0%         N/A       99%         4

Inventory:

Armour
 b - a +1 robe of willpower (worn)
Jewellery
 j - an amulet of guardian spirit (around neck)
 v - a ring of see invisible (right claw)
 W - a ring of willpower (left claw)
Wands
 q - a wand of charming (2)
Scrolls
 n - 2 scrolls of teleportation {@r2}
 o - a scroll of enchant weapon
Potions
 d - a potion of ambrosia
 f - a potion of resistance
 g - a potion of flight
 h - a potion of degeneration {unknown}
 p - a potion of mutation {unknown}

Dungeon Overview and Level Annotations

Branches:
Dungeon (8/15)             Temple (0/1) D:7          Bailey (1/1)
   Lair: D:8-11

Altars:
Xom

∩#### ##.........##
#∩..#######..≈≈≈≈≈≈≈..##
####...##...≈≈.....≈≈..##
#######.##..≈..▒▒▒..≈≈..#########
.........##...▒▒.▒▒..≈≈..........
.≈≈≈≈≈≈≈#####▒▒[)[▒▒).≈≈≈≈≈≈≈≈≈≈.
.≈..##### ... ▒▒..........≈.
.≈.▒▒▒▒▒▒▒▒▒▒▒▒▒'▒▒▒▒▒▒▒▒▒▒▒▒▒.≈.
.≈.▒▒.....▒▒..S.@....▒'.....▒▒.≈.
.≈..▒▒...▒▒..≈≈§§§≈≈..▒▒...▒▒..≈.
.≈≈..▒▒.▒▒..≈≈o.(..≈≈..▒▒.▒▒.)≈≈.
∩.≈≈..▒'▒..≈§...⌠§§.≈≈..▒'▒.)≈≈.#
#.≈≈..▒'▒..≈§..⌠∩⌠..≈≈..▒)▒.)≈≈.∩
.≈≈..▒▒.▒▒§§≈§..(§§≈≈..▒▒.▒▒..≈≈.
.≈).▒▒...'▒§§≈≈§§≈≈§..▒▒...▒▒..≈.
.≈)▒▒.....▒▒.........▒▒.....▒▒)≈.
.≈.▒▒▒▒▒▒▒▒▒▒▒▒▒'▒▒▒'▒▒▒▒▒▒▒▒▒)≈.


You could see an orc knight (ally target) and a friendly mana viper (summoned).


Message History

There is a large open door here.
You now have 260 gold pieces (gained 20).
You now have 283 gold pieces (gained 23).
You now have 298 gold pieces (gained 15).
You now have 308 gold pieces (gained 10).
There is a large open door here.
There is a large open door here.
Xom's power flows through you!
A mana viper appears with a sibilant hiss.
There is an open door here.
What are your orders? t - Shout!
Orders for allies: a - Attack new target. p - Attack previous target. r - Retreat! s - Stop attacking. g - Guard the area. f - Follow me.
Anything else - Cancel.
Gang up on whom?
Press: ? - help, Dir - move target, f/p - orc knight
Aim: an orc knight, wielding a +0 halberd and wearing a +3 chain mail (severely wounded, ally target) Attack!
The orc knight hits you from afar with a +0 halberd!
The orc knight barely misses you.
The orc knight hits you from afar with a +0 halberd!
The orc knight hits you from afar with a +0 halberd!!
* * * LOW HITPOINT WARNING * * *
The orc knight hits you from afar with a +0 halberd!
* * * LOW HITPOINT WARNING * * *
You open the door.
The orc knight hits you from afar with a +0 halberd!!
You die...

Skill      XL: |  1  2  3  4  5  6  7  8 |
---------------+-------------------------+-----
Unarmed Combat | 4 5 6 7 8 11 | 11.2
Throwing       | 1 2 3 4 |  4.1
Fighting       | |  2.4
Dodging        | |  1.9

Action                   |  1- 3 |  4- 6 |  7- 9 || total
-------------------------+-------+-------+-------++-------
Melee: Unarmed           |    80 |   148 |   126 ||   354
       Punch             |       |     3 |     5 ||     8
Throw: Dart              |       |       |    11 ||    11
       Large rock        |       |       |     8 ||     8
Evoke: Wand              |       |       |     4 ||     4
  Use: Scroll            |     1 |    11 |     3 ||    15
       Potion            |       |     2 |     4 ||     6
 Stab: Sleeping          |     1 |       |     1 ||     2
       Confused          |       |     1 |       ||     1
       Invisible         |       |       |     4 ||     4
Armor: Robe              |    28 |    45 |    39 ||   112
Dodge: Dodged            |    29 |    65 |    73 ||   167

Levels and vault maps discovered:
D:1:      nicolae_arrival_somewhat_less_tricky_arrival, layout_basic
D:2:      kennysheep_big_flooded_room, layout_loops_cross,
          shapermc_ecumenical_altar_ellora
D:3:      layout_basic, mainiacjoe_overflow_paths
D:4:      layout_loops_cross, serial_bayou, serial_bayou_lagoon_b,
          serial_bayou_lake_a, serial_bayou_crossing, serial_bayou_pond_a,
          hex_tiny
D:5:      lemuel_castle_with_subvaults [lemuel_castle_interior_original],
          layout_loops_ring
D:6:      layout_cave_pods, mainiacjoe_overflow_catwalk,
          nicolae_uskayaw_suspiria, mainiacjoe_overflow_tiny_flanked,
          lemuel_crystal_altar, mainiacjoe_overflow_cross_hatched,
          kennysheep_flooded_box
D:7:      layout_rooms, minmay_temple_entry_slanted, hangedman_glass_teeth,
          uniq_menkaure
D:8:      layout_gridville, mainiacjoe_overflow_boulevard, led_sif_book,
          serial_shops, kennysheep_mini, enter_bailey_3,
          minmay_sticks_and_stones
Bailey:   bailey_polearm_1, bailey

Notes
Turn   | Place    | Note
-------+----------+-------------------------------------------
     0 | D:1      | demibob the Troll Chaos Knight began the quest for the Orb.
     0 | D:1      | Reached XP level 1. HP: 22/22 MP: 0/0
   252 | D:1      | Reached XP level 2. HP: 29/29 MP: 1/1
   283 | D:1      | XOM: silly message
   456 | D:1      | XOM: silly message
   570 | D:1      | XOM: silly message
   639 | D:1      | Reached skill level 4 in Unarmed Combat
   664 | D:1      | XOM: potion effect (curing)
   842 | D:2      | Reached XP level 3. HP: 36/36 MP: 2/2
   860 | D:2      | XOM: enchant monster (good)
  1005 | D:2      | Noticed a scorpion
  1010 | D:2      | XOM: smoke on damage
  1012 | D:2      | Killed a scorpion
  1013 | D:2      | Reached skill level 5 in Unarmed Combat
  1013 | D:2      | Reached XP level 4. HP: 37/44 MP: 3/3
  1048 | D:2      | Found a faded altar of an unknown god.
  1132 | D:2      | XOM: cloud trail
  1168 | D:2      | Reached XP level 5. HP: 50/50 MP: 4/4
  1506 | D:3      | Reached skill level 6 in Unarmed Combat
  1604 | D:3      | Found a shimmering altar of Xom.
  1694 | D:3      | XOM: 1-stop teleportation journey
  1860 | D:3      | XOM: give mutation
  1860 | D:3      | Gained mutation: You passively map a small area around you.
                  | [Xom's grace]
  1876 | D:3      | XOM: polymorph rat -> kobold
  1918 | D:3      | Reached skill level 1 in Throwing
  2298 | D:4      | Noticed a necrophage
  2299 | D:4      | XOM: confuse monster(s)
  2316 | D:4      | XOM: swap monsters
  2320 | D:4      | XOM: polymorph giant cockroach -> rat
  2329 | D:4      | Killed a necrophage
  2330 | D:4      | Reached XP level 6. HP: 52/59 MP: 3/5
  2378 | D:4      | XOM: stat loss: -1 Str (20/21)
  2536 | D:4      | XOM: 1-stop teleportation journey
  2578 | D:4      | XOM: swap monsters
  2580 | D:4      | XOM: 2-stop teleportation journey
  2678 | D:4      | XOM: give mutations
  2678 | D:4      | Gained mutation: Your muscles are strong. (Str +2) [Xom's
                  | mischief]
  2678 | D:4      | Gained mutation: You are frail. (-10% HP) [Xom's mischief]
  2690 | D:4      | Reached skill level 2 in Throwing
  2690 | D:4      | Reached skill level 7 in Unarmed Combat
  2844 | D:4      | XOM: silly message
  3063 | D:5      | Entered Level 5 of the Dungeon
  3094 | D:5      | Reached XP level 7. HP: 59/59 MP: 6/6
  3269 | D:5      | You fall into a shaft and drop 2 floors!
  3365 | D:6      | XOM: divination: magic mapping
  3377 | D:6      | Reached skill level 3 in Throwing
  3377 | D:6      | Reached skill level 8 in Unarmed Combat
  3415 | D:6      | XOM: divination: detect creatures
  3706 | D:7      | Found a staircase to the Ecumenical Temple.
  3706 | D:7      | XOM: 4-stop teleportation journey
  3722 | D:7      | Reached XP level 8. HP: 65/66 MP: 7/7
  3724 | D:7      | XOM: potion effect (haste)
  3728 | D:7      | Reached skill level 9 in Unarmed Combat
  3733 | D:7      | Reached skill level 4 in Throwing
  3873 | D:7      | Noticed Menkaure
  3881 | D:7      | Killed Menkaure
  4006 | D:7      | XOM: cloud trail
  4112 | D:7      | Identified a potion of resistance
  4221 | D:8      | Noticed a cyclops
  4225 | D:8      | XOM: cast spell 'Shadow Creatures'
  4227 | D:8      | Killed a cyclops
  4228 | D:8      | Reached skill level 10 in Unarmed Combat
  4288 | D:8      | Found a flagged portal.
  4300 | Bailey   | Entered a bailey
  4379 | Bailey   | XOM: 2-stop teleportation journey
  4406 | Bailey   | Noticed an orc knight
  4411 | Bailey   | Noticed an orc knight
  4411 | Bailey   | Noticed an orc knight
  4524 | Bailey   | Killed an orc knight
  4525 | Bailey   | Reached skill level 11 in Unarmed Combat
  4528 | Bailey   | Reached XP level 9. HP: 72/72 MP: 8/8
  4727 | Bailey   | XOM: cast spell 'Summon Mana Viper'
  4739 | Bailey   | Found the +3 pair of gauntlets of War {Slay+5}
  4739 | Bailey   | Mangled by an orc knight

Vanquished Creatures
  Menkaure (D:7)
  An orc warrior (Bailey)
  A sky beast (D:6)
  A necrophage (D:4)
  An ogre (D:4)
  A centaur (D:5)
  A bullfrog (D:7)
  2 scorpions
  A wyvern zombie (D:8)
  5 wights (D:7)
  A howler monkey (D:7)
  A hound (D:6)
  2 orc priests
  4 orc wizards
  7 gnolls
  4 adders
  A shadow imp (D:6)
  2 ufetubi
  An adder skeleton (D:4)
  A worm (D:2)
  5 dart slugs
  26 orcs
  9 ball pythons
  5 bats
  10 endoplasms
  4 giant cockroaches
  9 hobgoblins
  3 jackals
  2 quokkas
  2 frilled lizards
  10 goblins
  5 kobolds
  5 rats
134 creatures vanquished.

Vanquished Creatures (collateral kills)
  An orc knight (Bailey)
  A cyclops (D:8)
  An orc warrior (Bailey)
3 creatures vanquished.

Vanquished Creatures (others)
  An orc knight (Bailey)
  An orc priest (D:2)
  7 plants (D:4)
9 creatures vanquished.

Grand Total: 146 creatures vanquished

Table legend: (Time is in decaauts)
 A = Elapsed time spent in this place.
 B = Non-inter-level travel time spent in this place.
 C = Inter-level travel time spent in this place.
 D = Time resting spent in this place.
 E = Time spent auto-exploring this place.
 F = Levels seen in this place.
 G = Mean time per level.
                   A        B        C        D        E       F      G
               +--------+--------+--------+--------+--------+-----+--------+
         Total |   4732 |   4622 |    110 |    287 |   3307 |   9 |  525.8 |
       Dungeon |   4295 |   4185 |    110 |    190 |   3206 |   8 |  536.9 |
        Bailey |    436 |    436 |      0 |     97 |    101 |   1 |  436.0 |
               +--------+--------+--------+--------+--------+-----+--------+

Top non-repeatable levels by time:
     D:4: 878 daAuts
     D:3: 827 daAuts
     D:1: 821 daAuts
     D:7: 772 daAuts
     D:2: 584 daAuts
  Bailey: 436 daAuts
     D:5: 181 daAuts
     D:6: 153 daAuts
     D:8: 77 daAuts

Table legend:
 A = Non-vault XP
 B = Vault XP
 C = Vault XP percentage of total XP
 D = Non-vault monster count
 E = Vault monster count
 F = Vault count percentage of total count
                 A         B        C        D         E       F
            +---------+---------+-------+---------+---------+-------
      Total |    1770 |    1217 |  40.7 |     112 |      25 |  18.2
            +---------+---------+-------+---------+---------+-------
        D:1 |      37 |       0 |   0.0 |      23 |       0 |   0.0
        D:2 |     170 |       4 |   2.3 |      19 |       2 |   9.5
        D:3 |     134 |       0 |   0.0 |      26 |       0 |   0.0
        D:4 |     356 |       0 |   0.0 |      14 |       0 |   0.0
        D:5 |     184 |       2 |   1.1 |       7 |       1 |  12.5
        D:6 |     250 |       0 |   0.0 |      10 |       0 |   0.0
        D:7 |     557 |     172 |  23.6 |      12 |       1 |   7.7
        D:8 |      82 |     464 |  85.0 |       1 |       5 |  83.3
     Bailey |       0 |     575 | 100.0 |       0 |      16 | 100.0
            +---------+---------+-------+---------+---------+-------
